 Dungeon Crawl Stone Soup version 0.31-a0-803-g95b03c3367 (webtiles) character file.

Game seed: 2848202026105527057

730 Thunder the Covered (level 7, -1/61 HPs)
             Began as a Minotaur Fighter on Sept 20, 2023.
             Was an Initiate of Ashenzari.
             Slain by a black bear (6 damage)
             ... on level 5 of the Dungeon.
             The game lasted 00:19:47 (2125 turns).

Thunder the Covered (Minotaur Fighter)              Turns: 2125, Time: 00:19:48

Health: -1/61      AC:  7    Str: 23    XL:     7   Next: 44%
Magic:  6/6        EV: 10    Int:  5    God:    Ashenzari [......]
Gold:   202        SH:  4    Dex:  9    Spells: 6/6 levels left

rFire   . . .        n - +0 scimitar (holy)
rCold   . . .        c - +0 buckler
rNeg    + . .        A - +0 scale mail
rPois   .            (helmet restricted)
rElec   .            (no cloak)
rCorr   .            (no gloves)
SInv    .            (no boots)
Will    .....        (no amulet)
Stlth   x              - ring of positive energy
HPRegen 0.30/turn    (no ring)
MPRegen 0.10/turn

%: no passive effects
@: no status effects
A: horns 2, retaliatory headbutt
a: Renounce Religion


You were on level 5 of the Dungeon.
You worshipped Ashenzari.
Ashenzari was noncommittal.
You visited 1 branch of the dungeon, and saw 5 of its levels.

You collected 202 gold pieces.

Inventory:

Hand Weapons
 a - a +0 long sword
 j - a +0 flail
 n - a +0 scimitar of holy wrath (weapon)
 s - a +2 short sword of holy wrath
Missiles
 m - a throwing net
 t - 10 poisoned darts
Armour
 b - a +0 scale mail
 c - a +0 buckler (worn)
 d - a +0 plate armour
 r - a +0 chain mail
 A - a +0 scale mail (worn)
Magical Staves
 i - a staff of earth
Jewellery
 x - a ring of positive energy (left hand)
Talismans
 h - a flux talisman
Wands
 u - a wand of mindburst (9)
Scrolls
 o - 3 scrolls of identify {unknown}
 p - a scroll of silence {unknown}
 q - 2 scrolls of teleportation {unknown}
 v - a scroll of vulnerability {unknown}
 y - a scroll of fear {unknown}
 z - a scroll of revelation {unknown}
Potions
 e - a potion of curing {unknown}
 f - a potion of enlightenment {unknown}
 g - 3 potions of haste {unknown}
 k - 2 potions of ambrosia {unknown}
 l - a potion of mutation {unknown}
 w - 2 potions of might
 B - 2 potions of cancellation {unknown}


   Skills:
 + Level 5.2 Fighting
 + Level 2.1(4.0) Short Blades
 + Level 5.7(6.0) Long Blades
 + Level 6.3 Armour
 + Level 2.2 Dodging
 + Level 0.7 Stealth
 + Level 4.9 Shields


You had 6 spell levels left.
You didn't know any spells.
Your spell library contained the following spells:

 Spells                   Type           Power      Damage    Failure   Level
 Blink                    Tloc           0%         N/A       92%         2
 Tukima's Dance           Hex            0%         N/A       99%         3
 Dimensional Bullseye     Hex/Tloc       0%         N/A       100%        4
 Iskenderun's Mystic Bla  Conj/Tloc      0%         2d3       100%        4
 Manifold Assault         Tloc           0%         N/A       100%        4


Dungeon Overview and Level Annotations

Branches:
Dungeon (5/15)
 Temple: D:4-7

Altars:
Ashenzari
Fedhas
Yredelemnul
Zin


Innate Abilities, Weirdness & Mutations

You have a pair of horns on your head.
You reflexively headbutt those who attack you in melee.


Message History

The black bear claws you but does no damage.
The black bear closely misses you.
The black bear goes berserk!
You hit the black bear but do no damage.
The black bear is severely wounded.
The black bear bites you but does no damage.
The black bear barely misses you. x2
You barely miss the black bear.
The black bear is severely wounded.
The black bear closely misses you.
The black bear claws you but does no damage.
The black bear claws you.
The black bear bites you but does no damage.
The black bear claws you but does no damage.
You block the black bear's attack.
You hit the black bear. You headbutt the black bear.
The black bear is almost dead.
The black bear barely misses you. You furiously retaliate!
You headbutt the black bear. The black bear claws you. x2
You closely miss the black bear.
The black bear is almost dead.
The black bear closely misses you. You block the black bear's attack.
The black bear claws you but does no damage.
The black bear bites you!
* * * LOW HITPOINT WARNING * * *
The black bear claws you but does no damage.
The black bear claws you.
* * * LOW HITPOINT WARNING * * *
You closely miss the black bear.
The black bear is almost dead.
The black bear barely misses you. You block the black bear's attack.
The black bear claws you but does no damage.
The black bear bites you.
* * * LOW HITPOINT WARNING * * *
The black bear claws you but does no damage.
The black bear claws you.
* * * LOW HITPOINT WARNING * * *
You barely miss the black bear.
The black bear is almost dead.
The black bear bites you.
You die...

#....................#
#..................##
##.................##
#..................##
#...............)...#
##..............#.#..##
#...............))##..##
.................).##...#
........@.............###
#...###.h#####...###..#
... ##.. #..## ##.## ..
##.. ##.## #..# . ..##..#
##.# ...... .?..#..##
#.## ..... ...# #..##
##..# #. .....## #.##
#..###..#. ... ...#.# #.
##.#.)###.


You could see a black bear (berserk).

Vanquished Creatures
  The ghost of pigah the Changeling, an amateur OpSh (D:4)
  An ogre (D:4)
  Blork the orc (D:4)
  A bullfrog (D:4)
  2 jellies (D:4)
  Jessica (D:3)
  Natasha (D:3)
  Ijyb (D:4)
  12 gnolls
  5 adders
  A river rat (D:4)
  An ufetubus (D:4)
  4 worms
  A dart slug (D:1)
  8 orcs
  5 endoplasms
  5 giant cockroaches
  8 goblins
  3 hobgoblins
  7 jackals
  5 quokkas
  8 ball pythons
  2 bats (D:1)
  4 frilled lizards
  3 kobolds (D:3)
  3 rats
94 creatures vanquished.

Notes
Turn   | Place    | Note
-------+----------+-------------------------------------------
     0 | D:1      | Thunder the Minotaur Fighter began the quest for the Orb.
     0 | D:1      | Reached XP level 1. HP: 19/19 MP: 0/0
   154 | D:1      | Reached XP level 2. HP: 10/27 MP: 1/1
   155 | D:1      | Reached skill level 4 in Armour
   431 | D:2      | Reached XP level 3. HP: 33/33 MP: 2/2
   516 | D:2      | Reached XP level 4. HP: 40/40 MP: 3/3
   775 | D:3      | Reached skill level 5 in Armour
   786 | D:3      | Reached XP level 5. HP: 6/47 MP: 4/4
   948 | D:3      | Noticed Natasha
   956 | D:3      | Killed Natasha
   962 | D:3      | Noticed Jessica
   966 | D:3      | Killed Jessica
   967 | D:3      | Reached skill level 1 in Dodging
  1257 | D:4      | Noticed an ogre
  1258 | D:4      | Noticed Ijyb
  1269 | D:4      | Killed Ijyb
  1277 | D:4      | HP: 2/47 [ogre/+0 giant club (4)]
  1280 | D:4      | Killed an ogre
  1281 | D:4      | Reached XP level 6. HP: 3/55 MP: 5/5
  1423 | D:4      | Reached skill level 5 in Fighting
  1440 | D:4      | Noticed Blork the orc
  1452 | D:4      | Killed Blork the orc
  1453 | D:4      | Reached skill level 1 in Short Blades
  1515 | D:4      | Found a runed translucent door.
  1516 | D:4      | Noticed pigah's ghost (amateur OpSh)
  1527 | D:4      | Reached skill level 5 in Long Blades
  1529 | D:4      | Reached skill level 6 in Armour
  1529 | D:4      | Reached XP level 7. HP: 18/61 MP: 6/6
  1541 | D:4      | Killed pigah's ghost
  1548 | D:4      | Found a runed translucent door.
  1640 | D:4      | Found a basalt altar of Yredelemnul.
  1667 | D:4      | Found a broken altar of Ashenzari.
  1670 | D:4      | Found a blossoming altar of Fedhas.
  1678 | D:4      | Became a worshipper of Ashenzari the Shackled
  1681 | D:4      | Found a glowing silver altar of Zin.
  1911 | D:5      | Entered Level 5 of the Dungeon
  2125 | D:5      | Slain by a black bear

Illustrated notes

Levels and vault maps discovered:
D:1:      dpeg_arrival_rooms_c, layout_rooms, serial_glass, glass_columns_a,
          glass_columns_a, glass_columns_c, glass_columns_a, glass_columns_b,
          glass_columns_a, minmay_tetromino_s2
D:2:      layout_basic, kennysheep_generic_room_11
D:3:      layout_loops_corners, shapermc_ecumenical_altar_hornbeckon,
          uniq_jessica, uniq_natasha, uniq_grinder, uniq_crazy_yiuf_cottage
D:4:      layout_loops_ring, minitemple, general_overflow_altar,
          ebering_ghost_sewer_f, uniq_blork_the_orc, uniq_ijyb
D:5:      layout_layer_cave, trog_ov_bears_minmay, grunt_decor_one_mirror

Skill      XL: |  1  2  3  4  5  6  7 |
---------------+----------------------+-----
Armour         | 4 5 6 |  6.3
Fighting       | 4 5 |  5.2
Shields        | 4 |  4.9
Long Blades    | 3 4 5 |  5.7
Dodging        | 1 2 |  2.2
Short Blades   | 1 2 |  2.1
Stealth        | |  0.7

Action                     |  1- 3 |  4- 6 |  7- 9 || total
---------------------------+-------+-------+-------++-------
  Melee: Long sword        |    57 |    77 |       ||   134
         Headbutt          |     3 |    32 |    11 ||    46
         Short sword       |       |    54 |       ||    54
         Scimitar          |       |    13 |    60 ||    73
    Use: Potion            |       |     2 |       ||     2
   Stab: Invisible         |       |     2 |       ||     2
 Armour: Scale mail        |    36 |    86 |    52 ||   174
  Dodge: Dodged            |    17 |    78 |    33 ||   128
  Block: Buckler           |    17 |    34 |    20 ||    71

Table legend: (Time is in decaauts)
 A = Elapsed time spent in this place.
 B = Non-inter-level travel time spent in this place.
 C = Inter-level travel time spent in this place.
 D = Time resting spent in this place.
 E = Time spent auto-exploring this place.
 F = Levels seen in this place.
 G = Mean time per level.
                   A        B        C        D        E       F      G
               +--------+--------+--------+--------+--------+-----+--------+
         Total |   2171 |    607 |   1564 |      0 |      0 |   5 |  434.2 |
       Dungeon |   2171 |    607 |   1564 |      0 |      0 |   5 |  434.2 |
               +--------+--------+--------+--------+--------+-----+--------+

Top non-repeatable levels by time:
     D:4: 702 daAuts
     D:3: 459 daAuts
     D:1: 396 daAuts
     D:2: 395 daAuts
     D:5: 217 daAuts
